 Dungeon Crawl Stone Soup version 0.31.0-32-g396128a36d (webtiles) character file.

Game seed: 15850340518696950620

4333 booth the Zephyrmancer (level 10, -7/69 HPs)
             Began as a Green Draconian Air Elementalist on Apr 13, 2024.
             Was a Priest of the Shining One.
             Mangled by Harold
             ... wielding a +0 battleaxe
              (19 damage)
             ... on level 9 of the Dungeon on Apr 15, 2024.
             The game lasted 01:02:57 (7924 turns).

booth the Zephyrmancer (DrAE)                       Turns: 7924, Time: 01:02:58

Health: -7/69      AC: 11    Str: 10    XL:     10   Next: 12%
Magic:  16/19      EV:  6    Int: 19    God:    the Shining One [***...]
Gold:   495        SH:  0    Dex: 13    Spells: 6/21 levels left

rFire   . . .        z - staff of air
rCold   . . .        (no shield)
rNeg    + . .        (body armour unavailable)
rPois   +            (helmet restricted)
rElec   +            (no cloak)
rCorr   .            (no gloves)
SInv    .            (no boots)
Will    .....        b - amulet of magic regeneration
Stlth   +            s - +4 ring of protection
HPRegen 0.31/turn    (no ring)
MPRegen 0.56/turn

%: no passive effects
@: marked, held, hasted, glowing, very quick
A: breathe noxious fumes, AC +7, unfitting armour, poison resistance,
cold-blooded
a: Breathe Noxious Fumes, Renounce Religion, Divine Shield, Cleansing Flame


You were on level 9 of the Dungeon.
You worshipped the Shining One.
The Shining One was most pleased with you.
You visited 2 branches of the dungeon, and saw 11 of its levels.
You also visited: Sewer.

You collected 525 gold pieces.
You spent 30 gold pieces at shops.

Inventory:

Hand Weapons
 i - a +3 dagger of venom
 v - a +2 hand axe of venom
Missiles
 f - 11 poisoned darts
 o - 14 boomerangs (quivered)
Magical Staves
 z - a staff of air (weapon)
Jewellery
 b - an amulet of magic regeneration (around neck)
 s - a +4 ring of protection (left hand)
 w - an amulet of guardian spirit
 y - an amulet of the acrobat
Wands
 e - a wand of quicksilver (14)
 m - a wand of iceblast (6)
 r - a wand of charming (9)
 t - a wand of polymorph (3)
 A - a wand of flame (12)
Scrolls
 g - 2 scrolls of summoning
 j - 3 scrolls of enchant armour
 l - a scroll of enchant weapon
 n - 3 scrolls of blinking
 q - a scroll of poison
 x - a scroll of teleportation {unknown}
Potions
 a - a potion of magic
 c - 4 potions of curing
 d - 2 potions of lignification
 h - a potion of enlightenment
 u - a potion of attraction


   Skills:
 - Level 2.0 Dodging
 - Level 2.1 Stealth
 + Level 6.1 Spellcasting
 * Level 9.1 Conjurations
 * Level 9.5 Air Magic
 + Level 3.4 Invocations


You had 6 spell levels left.
You knew the following spells:

 Your Spells              Type           Power      Damage    Failure   Level
a - Shock                 Conj/Air       100%       1d9       1%          1
b - Static Discharge      Conj/Air       100%       3-8/arc   1%          2
c - Swiftness             Air            59%        N/A       1%          3
d - Airstrike             Air            29%        2d(5-21)  2%          4
e - Arcjolt               Conj/Air       29%        1d39      7%          5

Your spell library contained the following spells:

 Spells                   Type           Power      Damage    Failure   Level
 Dazzling Flash           Conj/Hex       46%        N/A       4%          3
 Vhi's Electric Charge    Tloc/Air       72%        N/A       16%         4
 Volatile Blastmotes      Fire/Tloc      10%        2d10      32%         3
 Starburst                Conj/Fire      11%        6d5       95%         6
 Maxwell's Capacitive Co  Air            29%        ∞         100%        8


Dungeon Overview and Level Annotations

Branches:
Dungeon (10/15)            Temple (1/1) D:4           Sewer (visited)
   Lair: D:8-11         Orc: D:9-12

Altars:
Ashenzari
Cheibriados
Dithmenos
Elyvilon
Fedhas
Gozag
Hepliaklqana
Kikubaaqudgha
Makhleb
Nemelex Xobeh
Okawaru
Qazlal
Ru
Sif Muna
Trog
Uskayaw
Vehumet
Wu Jian
Xom
Yredelemnul
Zin
The Shining One

Shops:
D:5 *:

Annotations:
D:9 Harold
Temple 4 transporters


Innate Abilities, Weirdness & Mutations

You can breathe blasts of noxious fumes.
Your lurid green scales are hard. (AC +7)
You cannot fit into any form of body armour.
Your system is resistant to poisons. (rPois)
You are cold-blooded and may be slowed by cold attacks.


Message History

A gnoll comes into view. It is wielding a +0 whip. x2
You can now channel blasts of cleansing flame.
Harold hits you with a +0 battleaxe!!
* * * LOW HITPOINT WARNING * * *
Blink to where?
Press: ? - help, Dir - move target, p - Harold
As you read the scroll of blinking, it crumbles to dust.
Harold throws a throwing net.
The throwing net hits you.
You become entangled in the net!
You see here a throwing net.
You struggle against the net.
You tear a large gash into the net.
You shred the net and break free!
There is a stone staircase leading down here.
You climb downwards.
The ogre shouts!
The yak bellows! x3; The troll shouts!
You hear a shout! x6
You hear a bellow! x2; You hear a shout! x14
Found 5 stones.
Found a stone staircase leading down.
There is a stone staircase leading up here.
You feel yourself speed up.
You hear a shout!
An ogre comes into view. It is wielding a +0 giant club.
You hear a roar!
You climb upwards.
Level annotation: Harold Harold throws a throwing net.
The throwing net hits you.
You become entangled in the net!
There is a stone staircase leading down here.
You see here a throwing net.
You struggle against the net.
You struggle against the net.
Harold hits you with a +0 battleaxe!
* * * LOW HITPOINT WARNING * * *
You tear a large gash into the net.
The gnoll sergeant hits you from afar with a +0 trident.
* * * LOW HITPOINT WARNING * * *
Activating: Cleansing Flame (58% risk of failure)
Press: ? - help, Dir - look around, f - activate You fail to use your ability.
Harold hits you with a +0 battleaxe!!
You die...
Harold says, "Can't wait to tell my little ones about this."

#.......# #..........#
#.#
#.......######..........#
#.#
#.......................#
#.#
#.......................#
#.#
#........####...........#
#.. #........#
#...........# #..
#........# #..#######..#
#.. #........# #..# #..#
#.. #........# #@.#
#..####.. #........# #@.#
#....<... #........#
#g.#######..####..
#........####g..........#
#..
#...........g...........#
#..
#........g@.............#
#..
#......g#####...........#
#.# #.......#
#...........# #.#
#.......# #...........#
#.#


You could see Harold, a gnoll sergeant and 2 gnolls.

Vanquished Creatures
  A troll (D:6)
  Grinder (D:5)
  A wyvern (D:7)
  5 yaks (D:8)
  A steam dragon (D:8)
  3 water moccasins
  An orc warrior (D:8)
  2 ice beasts
  3 ogres
  A centaur (D:9)
  A crocodile (Sewer)
  A phantom (D:4)
  2 kobold brigands
  Blork the orc (D:6)
  5 bullfrogs
  A scorpion (D:5)
  6 killer bees
  3 howler monkeys (D:8)
  3 bombardier beetles
  3 orc priests
  A gnoll bouda (D:5)
  3 hounds
  2 jellies (D:7)
  An iguana (D:4)
  6 orc wizards
  12 gnolls
  12 adders
  A shadow imp (D:7)
  4 dart slugs
  2 ribbon worms (D:4)
  36 orcs
  2 endoplasms
  3 giant cockroaches
  6 goblins
  12 hobgoblins
  12 jackals
  A quokka (D:3)
  10 ball pythons
  6 bats
  7 frilled lizards
  10 kobolds
  8 rats
202 creatures vanquished.

Notes
Turn   | Place    | Note
-------+----------+-------------------------------------------
     0 | D:1      | booth the Draconian Air Elementalist began the quest for
                  | the Orb.
     0 | D:1      | Reached XP level 1. HP: 14/14 MP: 3/3
   198 | D:1      | Reached XP level 2. HP: 20/20 MP: 1/5
   201 | D:1      | Learned a level 2 spell: Static Discharge
   668 | D:2      | Reached XP level 3. HP: 26/26 MP: 2/6
   954 | D:2      | Reached XP level 4. HP: 33/33 MP: 5/7
   958 | D:2      | Learned a level 3 spell: Swiftness
  1574 | D:3      | Found a hide-covered altar of Uskayaw.
  1735 | D:3      | Found a faded altar of an unknown god.
  1746 | D:3      | Prayed at the altar of an unknown god.
  1746 | D:3      | Became a worshipper of the Shining One
  1746 | D:3      | Reached * piety under the Shining One
  1762 | D:3      | Identified the +6 mace "Jibugh" {heavy, *Noise rF+ Will+
                  | Int+3}
  1777 | D:3      | Noticed an ogre
  1787 | D:3      | Killed an ogre
  1788 | D:3      | Reached XP level 5. HP: 38/38 MP: 7/9
  2080 | D:3      | Found a sparkling altar of Nemelex Xobeh.
  2435 | D:3      | Reached XP level 6. HP: 45/45 MP: 8/10
  2868 | D:4      | Reached skill level 5 in Air Magic
  3055 | D:4      | Found a staircase to the Ecumenical Temple.
  3067 | Temple   | Found a transporter.
  3067 | Temple   | Found a transporter.
  3067 | Temple   | Found a transporter.
  3067 | Temple   | Found a transporter.
  3067 | Temple   | Entered the Ecumenical Temple
  3259 | D:4      | Found a glowing drain.
  3282 | Sewer    | Entered a sewer
  3538 | D:4      | Your scales start taking on a lurid green colour.
  3538 | D:4      | Reached XP level 7. HP: 41/50 MP: 8/12
  3538 | D:4      | Gained mutation: Your system is resistant to poisons.
                  | (rPois) [Green Draconian growth]
  3620 | D:4      | Reached ** piety under the Shining One
  3801 | D:5      | Entered Level 5 of the Dungeon
  3812 | D:5      | Reached skill level 5 in Conjurations
  3910 | D:5      | Found a white marble altar of Elyvilon.
  3982 | D:5      | Found Laalaaj's Self-Improvement Boutique.
  4142 | D:5      | Found Bimimamy's General Store.
  4145 | D:5      | Bought a scroll of identify for 30 gold pieces
  4206 | D:5      | Learned a level 4 spell: Airstrike
  4210 | D:5      | Reached XP level 8. HP: 55/57 MP: 8/14
  4211 | D:5      | Noticed Grinder
  4221 | D:5      | Killed Grinder
  4471 | D:6      | Noticed Blork the orc
  4492 | D:6      | Killed Blork the orc
  4659 | D:6      | Learned a level 5 spell: Arcjolt
  4984 | D:6      | Noticed a troll
  4997 | D:6      | Killed a troll
  4998 | D:6      | Reached skill level 5 in Spellcasting
  5463 | D:7      | Reached XP level 9. HP: 59/62 MP: 13/16
  5960 | D:7      | Reached skill level 1 in Invocations
  7451 | D:8      | Reached XP level 10. HP: 32/69 MP: 12/19
  7616 | D:8      | Identified a scroll of acquirement
  7616 | D:8      | Acquired a staff of air
  7888 | D:9      | Noticed Harold
  7903 | D:9      | Reached *** piety under the Shining One
  7917 | D:10     | Entered Level 10 of the Dungeon
  7924 | D:9      | Mangled by Harold

Illustrated notes

Levels and vault maps discovered:
D:1:      nicolae_arrival_memento_mori, layout_rooms, nrook_mini_backslash
D:2:      layout_basic
D:3:      minmay_inner_zag, layout_loops_corners, nemelex_spade_bored_becter,
          eat_drink_and_be_merry_uskayaw, basic_ecumenical_altar
D:4:      layout_cave_pools, minmay_temple_entry_ruins,
          cheibrodos_sewer_entry_sluice
D:5:      layout_basic, marbit_many_paths, serial_shops,
          nicolae_shop_real_fake_doors, nicolae_shop_self_help, uniq_grinder
D:6:      layout_cave_pods, uniq_blork_the_orc
D:7:      layout_basic, minmay_between
D:8:      layout_basic
D:9:      cheibrodos_barr_body, layout_small_grid, minmay_fractal_squares_5,
          uniq_harold
D:10:     layout_rooms, david_orc_3, corexii_corridor_pit, uniq_lodul
Temple:   hellmonk_temple_divided_pantheon

Skill      XL: |  1  2  3  4  5  6  7  8  9 |
---------------+----------------------------+-----
Stealth        | 2 |  2.1
Dodging        | 2 |  2.0
Conjurations   | 2 3 4 5 7 9 |  9.1
Air Magic      | 4 5 6 7 9 |  9.5
Spellcasting   | 3 4 5 6 |  6.1
Invocations    | 3 |  3.4

Action                     |  1- 3 |  4- 6 |  7- 9 | 10-12 || total
---------------------------+-------+-------+-------+-------++-------
  Melee: Unarmed           |    15 |       |       |       ||    15
         Tailslap          |     1 |    19 |    39 |     1 ||    60
         Hand axe          |     5 |       |       |       ||     5
         Dagger            |       |    90 |   162 |       ||   252
         Punch             |       |     1 |     3 |       ||     4
         Staff             |       |       |       |    10 ||    10
  Throw: Boomerang         |       |       |     6 |       ||     6
   Cast: Shock             |    74 |    75 |    96 |     2 ||   247
         Static Discharge  |     1 |    16 |    24 |     6 ||    47
         Airstrike         |       |       |    13 |     6 ||    19
    Use: Scroll            |     1 |     7 |     6 |     3 ||    17
         Potion            |       |     2 |     1 |     2 ||     5
 Armour: Skin              |    13 |    75 |   159 |    38 ||   285
  Dodge: Dodged            |    21 |    72 |   102 |    16 ||   211
